NYP
LOWELL SPINNERS @ TRI-CITY VALLEYCATS
05/06/2048
 
TOP OF THE 1ST
Lowell Spinners batting - Pitching for Tri-City ValleyCats : RHP James Browning
Pitching: RHP James Browning
Batting: RHB Matt Parker 0-0: Ball
1-0: Ball
2-0: Ball
3-0: Base on Balls
Batting: SHB Salvador Padilla 0-0: Ball
Matt Parker steals 2nd base
1-0: Swinging Strike
1-1: Swinging Strike
1-2: Ball
2-2: Strikes out looking
Batting: RHB Xavier Joslin 0-0: Ball
Matt Parker steals 3rd base
1-0: Ball
2-0: Called Strike
2-1: Foul Ball, location: 2F
2-2: Foul Ball, location: 2F
2-2: Ball
3-2: Fly out, F8 (Flyball, 8RM, EV 93.8 MPH)
Batting: RHB Tony Gallegos 0-0: Foul Ball, location: 2F
0-1: Ball
1-1: Ball
2-1: Ball
3-1: Called Strike
3-2: Base on Balls
Batting: RHB Raul Sanchez 0-0: Called Strike
0-1: Foul Ball, location: 2F
0-2: Fielders Choice at 2nd, 5-4 (Groundball, 56, EV 110.6 MPH)
Top of the 1st over - 0 runs, 0 hits, 0 errors, 2 left on base; Lowell 0 - Tri-City 0
BOTTOM OF THE 1ST
Tri-City ValleyCats batting - Pitching for Lowell Spinners : RHP Ryuhei Shimabukuro
Pitching: RHP Ryuhei Shimabukuro
Batting: RHB Omar Amaya 0-0: Ball
1-0: Foul Ball, location: 2F
1-1: Ball
2-1: Ball
3-1: Swinging Strike
3-2: Foul Ball, location: 2F
3-2: Strikes out looking
Batting: LHB Bruce Arvizu 0-0: Called Strike
0-1: Foul Ball, location: 2F
0-2: Ball
1-2: TRIPLE (Line Drive, 9LD, EV 102.5 MPH)
Batting: RHB Dinand Brouwer 0-0: Ball
1-0: Foul Ball, location: 2F
1-1: Ball
2-1: Called Strike
2-2: Fly out, F8 (Flyball, 8RM, EV 83.1 MPH)
Batting: RHB Erik Smith 0-0: Ball
1-0: SINGLE (Groundball, 56D, EV 96.9 MPH)
Bruce Arvizu scores
Batting: LHB Wade Girard 0-0: Called Strike
0-1: Ball
1-1: Fielders Choice at 2nd, U6 (Groundball, 6M, EV 100.0 MPH)
Bottom of the 1st over - 1 run, 2 hits, 0 errors, 1 left on base; Lowell 0 - Tri-City 1
TOP OF THE 2ND
Lowell Spinners batting - Pitching for Tri-City ValleyCats : RHP James Browning
Batting: RHB Curt Stallings 0-0: Ball
1-0: Ball
2-0: Ball
3-0: Called Strike
3-1: Base on Balls
Batting: RHB Willie Camacho 0-0: Ball
1-0: Called Strike
Curt Stallings is caught stealing 2nd base 2-4
1-1: Swinging Strike
1-2: DOUBLE (Groundball, 5L, EV 100.6 MPH)
Batting: LHB Robert Gonzalez 0-0: Foul Ball, location: 2F
0-1: Ball
1-1: Called Strike
1-2: Strikes out swinging
Batting: RHB Rogelio Cervantes 0-0: Ground out U3 (Groundball, 3, EV 82.5 MPH)
Top of the 2nd over - 0 runs, 1 hit, 0 errors, 1 left on base; Lowell 0 - Tri-City 1
BOTTOM OF THE 2ND
Tri-City ValleyCats batting - Pitching for Lowell Spinners : RHP Ryuhei Shimabukuro
Batting: RHB Drew Coleman 0-0: Ball
1-0: Ground out U3 (Groundball, 34S, EV 88.8 MPH)
Batting: RHB Kieron Clark 0-0: Ball
1-0: Ball
2-0: DOUBLE (Groundball, 5L, EV 105.6 MPH)
Batting: RHB Steve Moore 0-0: Ball
1-0: Ball
2-0: Ground out 4-3 (Groundball, 4MS, EV 78.8 MPH)
Kieron Clark to third
Batting: RHB Yoshitoshi Mori 0-0: Fly out, F9 (Flyball, 9, EV 86.9 MPH)
Bottom of the 2nd over - 0 runs, 1 hit, 0 errors, 1 left on base; Lowell 0 - Tri-City 1
TOP OF THE 3RD
Lowell Spinners batting - Pitching for Tri-City ValleyCats : RHP James Browning
Batting: RHB Matt Parker 0-0: Called Strike
0-1: Ball
1-1: Foul Ball, location: 2F
1-2: Strikes out swinging
Batting: SHB Salvador Padilla 0-0: Ball
1-0: Foul Ball, location: 2F
1-1: Foul Ball, location: 2F
1-2: Fly out, F7 (Flyball, 78M, EV 97.5 MPH)
Batting: RHB Xavier Joslin 0-0: Ball
1-0: Ball
2-0: Ball
3-0: Called Strike
3-1: Ground out 6-3 (Groundball, 6, EV 78.1 MPH)
Top of the 3rd over - 0 runs, 0 hits, 0 errors, 0 left on base; Lowell 0 - Tri-City 1
BOTTOM OF THE 3RD
Tri-City ValleyCats batting - Pitching for Lowell Spinners : RHP Ryuhei Shimabukuro
Batting: RHB Omar Amaya 0-0: Ball
1-0: Swinging Strike
1-1: Fly out, F7 (Flyball, 7LD, EV 85.6 MPH)
Batting: LHB Bruce Arvizu 0-0: Ball
1-0: Ball
2-0: Ball
3-0: Base on Balls
Batting: RHB Dinand Brouwer 0-0: Called Strike
0-1: SINGLE (Groundball, 6D, EV 98.8 MPH)
Bruce Arvizu to second
Batting: RHB Erik Smith 0-0: Ball
Bruce Arvizu is caught stealing 3rd base 2-5
1-0: Fielders Choice at 2nd, 6-4 (Groundball, 6, EV 82.5 MPH)
Bottom of the 3rd over - 0 runs, 1 hit, 0 errors, 1 left on base; Lowell 0 - Tri-City 1
TOP OF THE 4TH
Lowell Spinners batting - Pitching for Tri-City ValleyCats : RHP James Browning
Batting: RHB Tony Gallegos 0-0: Ground out 3-1 (Groundball, 34, EV 85.0 MPH)
Batting: RHB Raul Sanchez 0-0: Ball
1-0: Foul Ball, location: 2F
1-1: Fly out, F9 (Line Drive, 9S, EV 96.2 MPH)
Batting: RHB Curt Stallings 0-0: Called Strike
0-1: Swinging Strike
0-2: Ball
1-2: Foul Ball, location: 2F
1-2: Foul Ball, location: 2F
1-2: Strikes out looking
Top of the 4th over - 0 runs, 0 hits, 0 errors, 0 left on base; Lowell 0 - Tri-City 1
BOTTOM OF THE 4TH
Tri-City ValleyCats batting - Pitching for Lowell Spinners : RHP Ryuhei Shimabukuro
Batting: LHB Wade Girard 0-0: Ball
1-0: Fly out, F8 (Line Drive, 8LM, EV 105.6 MPH)
Batting: RHB Drew Coleman 0-0: Ball
1-0: Ground out 6-3 (Groundball, 6, EV 83.1 MPH)
Batting: RHB Kieron Clark 0-0: Called Strike
0-1: Foul Ball, location: 2F
0-2: Strikes out looking
Bottom of the 4th over - 0 runs, 0 hits, 0 errors, 0 left on base; Lowell 0 - Tri-City 1
TOP OF THE 5TH
Lowell Spinners batting - Pitching for Tri-City ValleyCats : RHP James Browning
Batting: RHB Willie Camacho 0-0: Foul Ball, location: 2F
0-1: Called Strike
0-2: Ball
1-2: Foul Ball, location: 2F
1-2: Ball
2-2: Foul Ball, location: 2F
2-2: Ball
3-2: Foul Ball, location: 2F
3-2: Foul Ball, location: 2F
3-2: Foul Ball, location: 2F
3-2: SINGLE (Groundball, 34S, EV 70.6 MPH) (infield hit)
Pitching: RHP Addick Huiberts
Batting: LHB Robert Gonzalez 0-0: Ball
1-0: Ball
Willie Camacho steals 2nd base
2-0: Swinging Strike
2-1: Called Strike
2-2: Strikes out swinging
Batting: RHB Rogelio Cervantes 0-0: SINGLE (Groundball, 56D, EV 103.8 MPH)
Willie Camacho to third
Runner from 3rd tries for Home, SAFE, throw by LF to home
Batting: RHB Matt Parker Pickoff Throw to First - Error! E1
Rogelio Cervantes to second
0-0: Ball
1-0: Swinging Strike
1-1: Ball
2-1: Foul Ball, location: 2F
2-2: Ball
3-2: Base on Balls
Batting: SHB Salvador Padilla 0-0: Ball
Rogelio Cervantes steals 3rd base
Matt Parker to second
1-0: Called Strike
1-1: Fly out, F9 (Flyball, 9D, EV 93.8 MPH)
Runner from 3rd tags up, SCORES, no throw by RF
Batting: RHB Xavier Joslin 0-0: DOUBLE (Flyball, 9LD, EV 105.0 MPH)
Matt Parker scores
Batting: RHB Tony Gallegos 0-0: Fly out, F9 (Flyball, 9S, EV 92.5 MPH)
Top of the 5th over - 3 runs, 3 hits, 1 error, 1 left on base; Lowell 3 - Tri-City 1
BOTTOM OF THE 5TH
Tri-City ValleyCats batting - Pitching for Lowell Spinners : RHP Ryuhei Shimabukuro
Batting: RHB Steve Moore 0-0: Called Strike
0-1: Fly out, F7 (Flyball, 78D, EV 97.5 MPH)
Batting: RHB Yoshitoshi Mori 0-0: Called Strike
0-1: Ball
1-1: Ball
2-1: Ball
3-1: Base on Balls
Batting: RHB Omar Amaya 0-0: Ball
1-0: Foul Ball, location: 2F
1-1: Swinging Strike
1-2: Foul Ball, location: 2F
1-2: Strikes out swinging
Batting: LHB Bruce Arvizu 0-0: Ball
1-0: Ball
2-0: Ball
3-0: Base on Balls
Yoshitoshi Mori to second
Batting: RHB Dinand Brouwer 0-0: Foul Ball, location: 2F
0-1: Ball
1-1: Foul Ball, location: 2F
1-2: Foul Ball, location: 2F
1-2: Foul Ball, location: 2F
1-2: Ball
2-2: Fielders Choice at 2nd, U4 (Groundball, 4M, EV 80.0 MPH)
Bottom of the 5th over - 0 runs, 0 hits, 0 errors, 2 left on base; Lowell 3 - Tri-City 1
TOP OF THE 6TH
Lowell Spinners batting - Pitching for Tri-City ValleyCats : RHP Addick Huiberts
Batting: RHB Raul Sanchez 0-0: Ball
1-0: Called Strike
1-1: Ball
2-1: Ball
3-1: Base on Balls
Pitching: RHP Ryan Hoagland
Batting: RHB Curt Stallings 0-0: Swinging Strike
0-1: SINGLE (Groundball, 6MD, EV 93.8 MPH)
Raul Sanchez to second
Runner from 2nd tries for 3rd, SAFE, throw by CF made to third
Batting: RHB Willie Camacho 0-0: Called Strike
0-1: Foul Ball, location: 2F
0-2: Strikes out swinging
Batting: LHB Robert Gonzalez 0-0: Ball
1-0: Ball
2-0: Foul Ball, location: 2F
2-1: Swinging Strike
2-2: Strikes out swinging
Batting: RHB Rogelio Cervantes 0-0: Foul Ball, location: 2F
0-1: Called Strike
0-2: Foul Ball, location: 2F
0-2: Ball
1-2: Foul Ball, location: 2F
1-2: Foul Ball, location: 2F
1-2: Fly out, F9 (Flyball, 89D, EV 81.9 MPH)
Top of the 6th over - 0 runs, 1 hit, 0 errors, 2 left on base; Lowell 3 - Tri-City 1
BOTTOM OF THE 6TH
Tri-City ValleyCats batting - Pitching for Lowell Spinners : RHP Ryuhei Shimabukuro
Batting: RHB Erik Smith 0-0: Called Strike
0-1: Ground out U3 (Groundball, 34, EV 86.9 MPH)
Batting: LHB Wade Girard 0-0: Ball
1-0: Called Strike
1-1: Ball
2-1: Called Strike
2-2: SINGLE (Groundball, 4MD, EV 104.4 MPH)
Batting: RHB Drew Coleman 0-0: Called Strike
0-1: Swinging Strike
0-2: Foul Ball, location: 2F
0-2: Strikes out swinging
Batting: RHB Kieron Clark 0-0: Ball
1-0: DOUBLE (Flyball, 8LD, EV 97.5 MPH)
Wade Girard to third
Runner from 3rd tries for Home, SAFE, no throw by CF
Batting: RHB Steve Moore 0-0: Fly out, F9 (Flyball, 89M, EV 91.2 MPH)
Bottom of the 6th over - 1 run, 2 hits, 0 errors, 1 left on base; Lowell 3 - Tri-City 2
TOP OF THE 7TH
Lowell Spinners batting - Pitching for Tri-City ValleyCats : RHP Ryan Hoagland
Batting: RHB Matt Parker 0-0: Ball
1-0: SINGLE (Groundball, 56D, EV 101.9 MPH)
Pitching: LHP Ruben Rojas
Batting: SHB Salvador Padilla 0-0: Sac Bunt to 15S - play at first, batter OUT! 1-3
Matt Parker to second
Batting: RHB Xavier Joslin 0-0: Foul Ball, location: 2F
0-1: Ball
Passed Ball!
Matt Parker to third
1-1: Ball
2-1: Ball
3-1: Base on Balls
Batting: RHB Tony Gallegos 0-0: Ball
1-0: Foul Ball, location: 2F
1-1: Called Strike
1-2: Ball
2-2: Ball
3-2: Base on Balls
Xavier Joslin to second
Batting: RHB Raul Sanchez 0-0: Ball
1-0: Called Strike
1-1: Fly out, F7 (Line Drive, 7, EV 98.1 MPH)
Batting: RHB Curt Stallings 0-0: Ball
Wild Pitch!
Matt Parker scores
Xavier Joslin to third
Tony Gallegos to second
1-0: Ball
2-0: Called Strike
2-1: Ball
3-1: Base on Balls
Pitching: RHP Robin Yelland
Batting: RHB Willie Camacho 0-0: Foul Ball, location: 2F
0-1: Ball
1-1: Ball
2-1: Fly out, F7 (Flyball, 78M, EV 82.5 MPH)
Top of the 7th over - 1 run, 1 hit, 0 errors, 3 left on base; Lowell 4 - Tri-City 2
BOTTOM OF THE 7TH
Tri-City ValleyCats batting - Pitching for Lowell Spinners : RHP Ryuhei Shimabukuro
Pitching: RHP Tyler Tomblin
Batting: RHB Yoshitoshi Mori 0-0: Foul Ball, location: 2F
0-1: Ball
1-1: Ground out 1-3 (Groundball, 13S, EV 70.0 MPH)
Pinch Hitting: LHB Tomas de Zeeuw 0-0: Fly out, F7 (Flyball, 7, EV 93.1 MPH)
Batting: LHB Bruce Arvizu 0-0: Ball
1-0: Called Strike
1-1: Fly out, F9 (Flyball, 89D, EV 106.2 MPH)
Bottom of the 7th over - 0 runs, 0 hits, 0 errors, 0 left on base; Lowell 4 - Tri-City 2
TOP OF THE 8TH
Lowell Spinners batting - Pitching for Tri-City ValleyCats : RHP Robin Yelland
Now in CF: Wade Girard
Now in RF: Tomas de Zeeuw
Batting: LHB Robert Gonzalez 0-0: Foul Ball, location: 2F
0-1: Ball
1-1: Ball
2-1: SINGLE (Flyball, 6D, EV 86.9 MPH)
Batting: RHB Rogelio Cervantes 0-0: Sac Bunt to 23 - play at first, batter OUT! 3-4
Robert Gonzalez to second
Batting: RHB Matt Parker 0-0: Called Strike
0-1: Hit by Pitch
Batting: SHB Salvador Padilla 0-0: Called Strike
Robert Gonzalez steals 3rd base
Matt Parker to second
0-1: DOUBLE (Flyball, 8LXD, EV 100.6 MPH)
Robert Gonzalez scores
Matt Parker scores
Batting: RHB Xavier Joslin 0-0: Called Strike
0-1: Ball
1-1: Ball
2-1: Ground out 4-3 (Groundball, 4, EV 97.5 MPH)
Salvador Padilla to third
Batting: RHB Tony Gallegos 0-0: Called Strike
0-1: Foul Ball, location: 2F
0-2: Strikes out swinging
Top of the 8th over - 2 runs, 2 hits, 0 errors, 1 left on base; Lowell 6 - Tri-City 2
BOTTOM OF THE 8TH
Tri-City ValleyCats batting - Pitching for Lowell Spinners : RHP Tyler Tomblin
Batting: RHB Dinand Brouwer 0-0: Ball
1-0: Foul Ball, location: 2F
1-1: Foul Ball, location: 2F
1-2: Ball
2-2: Ball
3-2: Base on Balls
Batting: RHB Erik Smith 0-0: Ball
1-0: Ball
2-0: Foul Ball, location: 2F
2-1: Grounds into double play, 6-4-3 (Groundball, 6, EV 83.8 MPH)
Batting: LHB Wade Girard 0-0: Foul Ball, location: 2F
0-1: Single, Error in OF, E9, batter to second base (Line Drive, 34D, EV 98.1 MPH)
Batting: RHB Drew Coleman 0-0: Ball
1-0: Ground out 4-3 (Groundball, 4, EV 97.5 MPH)
Bottom of the 8th over - 0 runs, 1 hit, 1 error, 1 left on base; Lowell 6 - Tri-City 2
TOP OF THE 9TH
Lowell Spinners batting - Pitching for Tri-City ValleyCats : RHP Robin Yelland
Pitching: LHP Joey Callanta
Batting: RHB Raul Sanchez 0-0: Ball
1-0: Ball
2-0: Called Strike
2-1: Foul Ball, location: 2F
2-2: Strikes out swinging
Batting: RHB Curt Stallings 0-0: Ground out 4-3 (Groundball, 4, EV 101.2 MPH)
Batting: RHB Willie Camacho 0-0: Ball
1-0: Called Strike
1-1: Foul Ball, location: 2F
1-2: Ball
2-2: Strikes out swinging
Top of the 9th over - 0 runs, 0 hits, 0 errors, 0 left on base; Lowell 6 - Tri-City 2
BOTTOM OF THE 9TH
Tri-City ValleyCats batting - Pitching for Lowell Spinners : RHP Tyler Tomblin
Batting: RHB Kieron Clark 0-0: DOUBLE (Flyball, 89XD, EV 113.1 MPH)
Batting: RHB Steve Moore 0-0: Ball
1-0: Ball
2-0: Ball
Balk!
Kieron Clark to third
3-0: Called Strike
3-1: Base on Balls
Pitching: RHP Tim Tucker
Pinch Hitting: LHB Aldo Kok 0-0: Called Strike
0-1: Called Strike
0-2: Ball
1-2: Ball
2-2: Strikes out swinging
Batting: LHB Tomas de Zeeuw 0-0: Called Strike
0-1: Ball
1-1: SINGLE (Line Drive, 8RS, EV 110.6 MPH)
Kieron Clark scores
Steve Moore to second
Batting: LHB Bruce Arvizu 0-0: Ball
1-0: Swinging Strike
1-1: Ball
2-1: Foul Ball, location: 2F
2-2: Foul Ball, location: 2F
2-2: Hit by Pitch
Steve Moore to third
Tomas de Zeeuw to second
Batting: RHB Dinand Brouwer 0-0: Ball
1-0: Ball
2-0: Called Strike
2-1: Swinging Strike
2-2: Strikes out swinging
Batting: RHB Erik Smith 0-0: Called Strike
0-1: Foul Ball, location: 2F
0-2: Ball
1-2: Foul Ball, location: 2F
1-2: Foul Ball, location: 2F
1-2: Ball
2-2: Strikes out looking
Bottom of the 9th over - 1 run, 2 hits, 0 errors, 3 left on base; Lowell 6 - Tri-City 3
Tuesday, March 28th , 2023 - OOTP Baseball 23.10 Build 110